 Dungeon Crawl Stone Soup version 0.31-a0-233-g139696dc86 (webtiles) character file.

Game seed: 15477847115315220865

22 qw the Shooter (level 2, -7/17 HPs)
             Began as a Gargoyle Hexslinger on July 8, 2023.
             Mangled by a worm (8 damage)
             ... on level 2 of the Dungeon.
             The game lasted 00:00:20 (809 turns).

qw the Shooter (Gargoyle Hexslinger)                 Turns: 809, Time: 00:00:21

Health: -7/17      AC:  9    Str: 11    XL:     2   Next: 91%
Magic:  3/3        EV: 10    Int: 13    God:
Gold:   57         SH:  0    Dex: 12    Spells: 2/3 levels left

rFire   + . .        Y - +1 sling
rCold   . . .        (no shield)
rNeg    + . .        i - +2 ring mail {rF+}
rPois   inf          (no helmet)
rElec   +            (no cloak)
rCorr   .            (no gloves)
SInv    .            (no boots)
Will    .....        (no amulet)
Stlth   +            (no ring)
HPRegen 0.22/turn    (no ring)
MPRegen 0.08/turn

%: no passive effects
@: no status effects
A: sickness immunity, AC +2, negative energy resistance 1, electricity
resistance, torment resistance 1, petrification resistance
a: no special abilities


You were on level 2 of the Dungeon.
You visited 1 branch of the dungeon, and saw 2 of its levels.

You collected 57 gold pieces.


Innate Abilities, Weirdness & Mutations

You are immune to sickness and miasma.
Your stone body is resilient. (AC +2)
You are immune to poison.
You resist negative energy. (rN+)
You are resistant to electric shocks. (rElec)
You are resistant to unholy torment.
You are immune to petrification.


   Skills:
 + Level 1.8 Fighting
 - Level 3.0 Ranged Weapons
 - Level 1.5 Dodging
 - Level 1.0 Spellcasting
 - Level 2.6 Hexes


You had 2 spell levels left.
You knew the following spells:

 Your Spells              Type           Power      Damage    Failure   Level
a - Slow                  Hex            28%        N/A       22%         1

Your spell library contained the following spells:

 Spells                   Type           Power      Damage    Failure   Level
 Inner Flame              Hex/Fire       4%         N/A       75%         3
 Portal Projectile        Hex/Tloc       8%         N/A       75%         3
 Cause Fear               Hex            3%         N/A       92%         4

Inventory:

Hand Weapons
 Y - a +1 sling (weapon)
Armour
 c - a +0 pair of gloves
 i - a +2 ring mail of fire resistance (worn)
Scrolls
 b - a scroll of blinking {unknown}
Potions
 a - a potion of lignification {unknown}
 d - a potion of mutation {unknown}
 e - a potion of enlightenment {unknown}
 f - a potion of heal wounds {unknown}
 h - a potion of brilliance {unknown}

Dungeon Overview and Level Annotations

Branches:
Dungeon (2/15)

Altars:

Shops:
D:2 (

Annotations:
D:2 1 runed translucent door, Crazy Yiuf


Message History

You shoot a sling bullet.
The sling bullet barely misses the goblin.
You shoot a sling bullet. The sling bullet hits the goblin.
You kill the goblin!
You shoot a sling bullet. The sling bullet hits the worm.
The worm is lightly wounded.
You shoot a sling bullet.
The sling bullet completely misses the worm.
You shoot a sling bullet.
The sling bullet barely misses the worm.
You shoot a sling bullet. The sling bullet hits the worm.
The worm is moderately wounded.
The worm bites you.
You shoot a sling bullet.
The sling bullet barely misses the worm.
The worm barely misses you.
You shoot a sling bullet. The sling bullet hits the worm.
The worm is moderately wounded.
The worm bites you but does no damage.
You shoot a sling bullet. The sling bullet hits the worm.
The worm is heavily wounded.
A kobold comes into view. It is wielding a +0 whip.
You shoot a sling bullet. The kobold shouts!
The sling bullet hits the worm.
The worm is severely wounded.
The worm bites you. The goblin hits you but does no damage.
You shoot a sling bullet.
The sling bullet hits the worm but does no damage.
The worm is heavily wounded.
The goblin closely misses you. The worm bites you but does no damage.
The goblin barely misses you.
You shoot a sling bullet.
The sling bullet barely misses the worm.
The worm bites you. The goblin hits you but does no damage.
You shoot a sling bullet. The sling bullet hits the worm.
The worm is severely wounded.
The goblin hits you with a +0 dagger of protection.
The worm bites you!
You die... ..7777.+...# ...7..7#...# .....## ..7.777 ### [...... 77777

....... ...).
######### .... ..
......#.# ..##...
#.....#.# ##g......
#...###.# #@wK#
.(......########%#)#
###.###..........# ..
#.###........%.# ..) #
#.#............##..)##
# #.#.............%#
.#
###.#.............## .
..#.#................
.................#...


You could see a worm, a goblin and a kobold.

Vanquished Creatures
  3 bats
  2 endoplasms
  2 giant cockroaches
  2 goblins
  4 hobgoblins
  A quokka (D:1)
  A ball python (D:2)
  A frilled lizard (D:2)
  A kobold (D:2)
  2 rats
19 creatures vanquished.

Notes
Turn   | Place    | Note
-------+----------+-------------------------------------------
     0 | D:1      | qw the Gargoyle Hexslinger began the quest for the Orb.
     0 | D:1      | Reached XP level 1. HP: 12/12 MP: 2/2
     0 | D:1      | 0 ||| qw: Version: 0.3-a-46-gb1f654a
     0 | D:1      | 0 ||| qw: Game counter: 3480
     0 | D:1      | 0 ||| qw: Melee chars always use a shield: true
     0 | D:1      | 0 ||| qw: God list: Okawaru
     0 | D:1      | 0 ||| qw: Allow faded altars: false
     0 | D:1      | 0 ||| qw: Do Orc after clearing Dungeon:15 true
     0 | D:1      | 0 ||| qw: Do second Lair branch before Depths: true
     0 | D:1      | 0 ||| qw: Lair rune preference: random
     0 | D:1      | 0 ||| qw: Goals: Normal
     0 | D:1      | 0 ||| PLANNING D:1-11
   213 | D:1      | Reached XP level 2. HP: 16/16 MP: 3/3
   245 | D:1      | Found a faded altar of an unknown god.
   599 | D:1      | 599 ||| UPGRADING to +2 ring mail of fire resistance.
   609 | D:1      | 609 ||| DROPPING +0 robe.
   610 | D:1      | 610 ||| READING scroll labelled ONAEPH CEHACO.
   611 | D:1      | 611 ||| READING scroll labelled RILA XOASUU.
   612 | D:1      | 612 ||| READING scroll labelled XUONYI HELIEGH.
   613 | D:1      | 613 ||| READING scroll labelled VUZIBR VUOR.
   616 | D:1      | 616 ||| DROPPING scroll of poison.
   634 | D:2      | Reached skill level 3 in Ranged Weapons
   642 | D:2      | Found Mewuoclu's Antique Weapon Shoppe.
   727 | D:2      | Found a runed translucent door.
   728 | D:2      | Noticed Crazy Yiuf
   808 | D:2      | HP: 4/17 [worm (3)]
   809 | D:2      | HP: 1/17 [goblin/+0 dagger of protection (3)]
   809 | D:2      | Mangled by a worm

Levels and vault maps discovered:
D:1:      psy_arrival_dodecagon, layout_loops_cross, serial_forest,
          infiniplex_forest_split, infiniplex_forest_straight_1,
          infiniplex_forest_lined_room_2, infiniplex_forest_clump_small,
          infiniplex_forest_clump_double, dreamdust_ecumenical_altar_grove
D:2:      layout_basic, serial_shops, nicolae_shop_stone, grunt_ministairs_1,
          minmay_hexomino_f4, uniq_crazy_yiuf_cottage

Skill      XL: |  1  2 |
---------------+-------+-----
Ranged Weapons | 3 |  3.0
Fighting       | |  1.8
Dodging        | |  1.5
Spellcasting   | |  1.0
Hexes          | |  2.6

Action                     || total
---------------------------++-------
   Fire: Sling             ||    77
    Use: Scroll            ||     4
 Armour: Robe              ||     7
         Ring mail         ||    16
  Dodge: Dodged            ||    24

Table legend:
 A = Non-vault XP
 B = Vault XP
 C = Vault XP percentage of total XP
 D = Non-vault monster count
 E = Vault monster count
 F = Vault count percentage of total count
                 A         B        C        D         E       F
            +---------+---------+-------+---------+---------+-------
      Total |      27 |       5 |  15.6 |      16 |       3 |  15.8
            +---------+---------+-------+---------+---------+-------
        D:1 |      18 |       0 |   0.0 |      10 |       0 |   0.0
        D:2 |       9 |       5 |  35.7 |       6 |       3 |  33.3
            +---------+---------+-------+---------+---------+-------
